 Dungeon Crawl Stone Soup version 0.27.0-1-g7a089689b8 (webtiles) character file.

Game seed: 7713739032638163860

382 Sin92 the Skirmisher (level 6, -3/48 HPs)
             Began as a Demonspawn Fighter on Aug 2, 2021.
             Slain by a wyvern (16 damage)
             ... on level 4 of the Dungeon.
             The game lasted 00:04:11 (4425 turns).

Sin92 the Skirmisher (Demonspawn Fighter)           Turns: 4425, Time: 00:04:11

Health: -3/48      AC:  9    Str: 16    XL:     6   Next: 47%
Magic:  6/6        EV:  5    Int: 10    God:
Gold:   140        SH:  9    Dex: 14    Spells: 5/5 levels left

rFire    . . .     SeeInvis .   a - +1 long sword
rCold    . . .     Faith    .   c - +0 kite shield
rNeg     . . .     Spirit   .   m - +0 chain mail
rPois    .         Reflect  .   (helmet restricted)
rElec    .         Harm     .   l - scarf {shadows}
rCorr    .         Rampage  .   (no gloves)
Will     .....                  (no boots)
Stlth    ..........             (no amulet)
HPRegen  0.16/turn              (no ring)
MPRegen  0.10/turn              (no ring)

@: no status effects
A: antennae 2, claws 1, hooves 1, powered by death 1
a: no special abilities


You were on level 4 of the Dungeon.
You visited 1 branch of the dungeon, and saw 4 of its levels.

You collected 140 gold pieces.

Inventory:

Hand Weapons
 a - a +1 long sword (weapon)
Armour
 c - a +0 kite shield (worn)
 l - a scarf of shadows (worn)
 m - a +0 chain mail (worn)
Wands
 n - a wand of digging (7)
Scrolls
 d - a scroll of teleportation {unknown}
 e - a scroll of blinking {unknown}
 j - a scroll of holy word
Potions
 f - a potion of lignification {unknown}
 g - a potion of attraction {unknown}
 h - a potion of magic {unknown}
 i - a potion of curing


   Skills:
 + Level 4.0 Fighting
 * Level 3.9 Long Blades
 + Level 3.6 Armour
 + Level 2.1 Dodging
 + Level 3.6 Shields


You had 5 spell levels left.
You didn't know any spells.
Your spell library contained the following spells:

 Spells                   Type           Power      Damage    Failure   Level
 Shock                    Conj/Air       0%         1d3       100%        1
 Swiftness                Air            0%         N/A       100%        3
 Airstrike                Air            0%         N/A       100%        4
 Fireball                 Conj/Fire      0%         3d3       100%        5
 Iskenderun's Battlesphe  Conj           0%         2d6       100%        5
 Conjure Ball Lightning   Conj/Air       0%         3x3d6     100%        6
 Orb of Destruction       Conj           0%         N/A       100%        7


Dungeon Overview and Level Annotations

Branches:
Dungeon (4/15)
 Temple: D:4-7

Altars:


Innate Abilities, Weirdness & Mutations

You have a pair of antennae on your head.
You have sharp fingernails.
You have large cloven feet.
You regenerate a little health from kills.


Message History

The kobold throws a stone.
The stone hits you. The wyvern bites you!
Unknown command.
There are monsters nearby!
You hit the wyvern. You kick the wyvern.
The wyvern is moderately wounded.
The wyvern bites you!
The kobold throws a stone.
You block the stone. The wyvern bites you.
Unknown command.
There are monsters nearby!
You are too injured to fight recklessly!
You are too injured to fight recklessly!
Unknown command.
There are monsters nearby!
You are too injured to fight recklessly!
Unknown command.
There are monsters nearby!
You are too injured to fight recklessly!
Unknown command.
There are monsters nearby!
You are too injured to fight recklessly!
Unknown command.
There are monsters nearby!
Your shield and chain mail prevent you from hitting the wyvern.
You kick the wyvern, but do no damage.
The wyvern is moderately wounded.
The wyvern bites you!
* * * LOW HITPOINT WARNING * * *
The kobold throws a stone.
The stone hits you but does no damage. The wyvern bites you.
* * * LOW HITPOINT WARNING * * *
You closely miss the wyvern.
The wyvern is moderately wounded.
The wyvern bites you but does no damage.
The wyvern bites you.
* * * LOW HITPOINT WARNING * * *
The kobold hits you but does no damage.
Unknown command.
It was a potion of curing.
You feel better. You block the wyvern's attack.
The kobold hits you but does no damage. The wyvern bites you!
You die...

#......... #.........
#......#######.........
#........#...####'##...
#........#....'....#...
.........#....#....#...
.........#....#....#...
.....lK..###########)..
......@..#....#.......#
.........#....#.......#
#........#....#.......#
#........+....#.......#
#........#'####.......#
.......................
.#.....................
+.....................
#.....................


You could see a wyvern and a kobold.

Vanquished Creatures
  Eustachio (D:4)
  A sky beast (D:3)
  2 orc wizards
  2 adders (D:4)
  A dart slug (D:1)
  9 orcs
  2 ball pythons
  4 endoplasms (D:2)
  2 giant cockroaches
  10 goblins
  4 hobgoblins
  11 jackals
  5 quokkas
  2 bats
  8 kobolds
  2 rats (D:3)
66 creatures vanquished.

Vanquished Creatures (others)
  11 plants (D:1)
11 creatures vanquished.

Grand Total: 77 creatures vanquished

Notes
Turn   | Place    | Note
-------+----------+-------------------------------------------
     0 | D:1      | Sin92 the Demonspawn Fighter began the quest for the Orb.
     0 | D:1      | Reached XP level 1. HP: 18/18 MP: 1/1
   140 | D:1      | Gained mutation: You have a pair of small antennae on your
                  | head. [demonic ancestry]
   140 | D:1      | Reached XP level 2. HP: 21/24 MP: 2/2
   533 | D:1      | Found a faded altar of an unknown god.
  1246 | D:2      | Gained mutation: You have large cloven feet. [demonic
                  | ancestry]
  1246 | D:2      | Reached XP level 3. HP: 29/29 MP: 3/3
  2483 | D:3      | Reached skill level 1 in Dodging
  2742 | D:3      | Noticed a sky beast
  2762 | D:3      | Killed a sky beast
  2763 | D:3      | Gained mutation: You regenerate a little health from kills.
                  | [demonic ancestry]
  2763 | D:3      | Reached XP level 4. HP: 10/36 MP: 4/4
  2763 | D:3      | Gained mutation: You have sharp fingernails. [demonic
                  | ancestry]
  2763 | D:3      | Reached XP level 5. HP: 11/41 MP: 5/5
  3800 | D:4      | Noticed Eustachio
  3820 | D:4      | Killed Eustachio
  3821 | D:4      | Reached skill level 4 in Fighting
  3821 | D:4      | Gained mutation: You have a pair of antennae on your head.
                  | [demonic ancestry]
  3821 | D:4      | Reached XP level 6. HP: 8/48 MP: 6/6
  4419 | D:4      | Noticed a wyvern
  4425 | D:4      | Slain by a wyvern

Illustrated notes

Levels and vault maps discovered:
D:1:      roderic_crop_circles_arrival_small, layout_basic,
          shapermc_ecumenical_altar_flowoftime
D:2:      layout_basic
D:3:      layout_rooms
D:4:      layout_gridville, minmay_temple_entry_water_ring, uniq_eustachio

Skill      XL: |  1  2  3  4  5 |
---------------+----------------+-----
Long Blades    | 2 3 |  3.9
Shields        | 3 |  3.6
Dodging        | 1 2 |  2.1
Armour         | 3 |  3.6
Fighting       | 4 |  4.0

Action                   |  1- 3 |  4- 6 || total
-------------------------+-------+-------++-------
Melee: Long sword        |   166 |    85 ||   251
       Kick              |    19 |    24 ||    43
  Use: Scroll            |       |     3 ||     3
       Potion            |       |     2 ||     2
Armor: Scale mail        |    67 |       ||    67
       Chain mail        |    40 |   121 ||   161
Dodge: Dodged            |    56 |    35 ||    91
Block: Kite shield       |    95 |    92 ||   187
       Rpst.: Long sword |    15 |    13 ||    28
